 Dungeon Crawl Stone Soup version 0.21-a0-442-g848f44b (webtiles) character file.

56 kae the Insei (level 3, -2/29 HPs)
             Began as a Draconian Transmuter on Nov 16, 2017.
             Slain by a gnoll
             ... wielding a +0 whip
              (3 damage)
             ... on level 2 of the Dungeon.
             The game lasted 00:01:10 (1569 turns).

kae the Insei (Draconian Transmuter)                Turns: 1569, Time: 00:01:11

Health: -2/29      AC:  5    Str: 12    XL:     3   Next: 71%
Magic:  6/6        EV: 12    Int: 13    God:
Gold:   67         SH:  0    Dex: 12    Spells: 5/6 levels left

rFire    . . .     SeeInvis .   g - +0 short sword (curse)
rCold    . . .     Gourm    .   (no shield)
rNeg     . . .     Faith    .   (armour unavailable)
rPois    .         Spirit   .   (helmet restricted)
rElec    .         Reflect  .   (no cloak)
rCorr    .         Harm     .   (no gloves)
MR       .....                  (no boots)
Stlth    +.........             (no amulet)
HPRegen  0.09/turn              (no ring)
MPRegen  0.10/turn              (no ring)

@: lethally poisoned (-2 -> -4)
A: unfitting armour, cold-blooded, AC +5
a: no special abilities


You were on level 2 of the Dungeon.
You were not hungry.

You visited 1 branch of the dungeon, and saw 2 of its levels.

You collected 67 gold pieces.

Inventory:

Hand Weapons
 g - a cursed +0 short sword (weapon)
Missiles
 a - 12 arrows
Scrolls
 e - a scroll of enchant armour {unknown}
 h - a scroll of fear {unknown}
 k - a scroll of recharging {unknown}
 l - 3 scrolls of amnesia {unknown}
Potions
 j - a potion of agility {unknown}
Books
 b - a book of Changes

   Spells                             Type                      Level
   a - Beastly Appendage              Transmutation                1
   b - Sticks to Snakes               Transmutation                2
   c - Spider Form                    Transmutation/Poison         3
   d - Ice Form                       Ice/Transmutation            4
   e - Blade Hands                    Transmutation                5
Comestibles
 c - 2 bread rations
 d - 5 chunks of flesh
 f - 2 royal jellies
 i - a meat ration


   Skills:
 + Level 1.8 Fighting
 - Level 1.7 Dodging
 * Level 3.6 Unarmed Combat
 + Level 2.3 Spellcasting
 * Level 2.8 Transmutations


You had 5 spell levels left.
You knew the following spells:

 Your Spells              Type           Power        Failure   Level  Hunger
a - Beastly Appendage     Tmut           #.....       8%          1    #......


Dungeon Overview and Level Annotations

Branches:
Dungeon (2/15)

Altars:


Innate Abilities, Weirdness & Mutations

Your plain brown scales are hard. (AC +5)
You cannot fit into any form of body armour.
You are cold-blooded and may be slowed by cold attacks.


Message History

You kill the adder!
You hit the gnoll but do no damage. The gnoll closely misses you.
You hit the gnoll.
The gnoll is lightly wounded.
The gnoll hits you with a whip.
You are too injured to fight recklessly!
You hit the gnoll. You claw the gnoll.
The gnoll is heavily wounded.
You feel sick. The gnoll hits you with a whip.
You barely miss the gnoll.
The gnoll shouts!
You tail-slap the gnoll.
The gnoll is heavily wounded.
Your talons disappear.
The gnoll hits you with a whip!
* * * LOW HITPOINT WARNING * * *
You barely miss the gnoll.
The gnoll is heavily wounded.
The gnoll hits you with a whip.
You die...

#.# #.# #.# #.# ##
#######.# #.# ...
........#####.###....
#####..##..............
.......................
..........#####.###...
########.#.# #.#
..........## #@# #
#######.#.# ###g# .#
.#.#
#.#.####..g###.#####
.#.#
#...................
... #..#.###.##.....##.
.# #..#..<#. #.....# .#
##..##..#. #.....#
.#.###.......# #.....#
.#........รท.## ......#


You could see 2 gnolls.

Vanquished Creatures
  A gnoll (D:1)
  2 adders (D:2)
  2 leopard geckos (D:1)
  2 giant cockroaches (D:2)
  5 goblins
  3 hobgoblins (D:1)
  4 kobolds
  A quokka (D:2)
  A ball python (D:2)
  A bat (D:1)
  4 frilled lizards
  2 rats
28 creatures vanquished.

Notes
Turn   | Place    | Note
-------+----------+-------------------------------------------
     0 | D:1      | kae the Draconian Transmuter began the quest for the Orb.
     0 | D:1      | Reached XP level 1. HP: 16/16 MP: 3/3
   197 | D:1      | Reached XP level 2. HP: 21/23 MP: 5/5
  1157 | D:1      | Reached XP level 3. HP: 6/28 MP: 6/6
  1568 | D:2      | HP: 1/29 [gnoll/whip (11)]
  1569 | D:2      | Slain by a gnoll

Vault maps used:
D:1:      dpeg_arrival_shrine, minmay_domino_4
D:2:      chequers_ecumenical_altar_lobes

Action                   || total
-------------------------++-------
Melee: Unarmed           ||    22
       Kick              ||     5
       Short sword       ||    97
       Tailslap          ||     8
       Punch             ||     2
       Headbutt          ||     1
 Cast: Beastly Appendage ||     6
  Use: Potion            ||     1
 Stab: Sleeping          ||     1
  Eat: Chunk             ||     2
Armor: Skin              ||    27
Dodge: Dodged            ||    80

Table legend:
 A = Spawn XP
 B = Non-spawn XP
 C = Spawn XP percentage of total XP
 D = Spawn monster count
 E = Non-spawn monster count
 F = Spawn count percentage of total count
 G = Total turns spent on level
                    A         B        C        D         E        F      G
               +---------+---------+-------+---------+---------+-------+---------
         Total |       0 |      81 |   0.0 |       0 |      28 |   0.0 |  1569
               +---------+---------+-------+---------+---------+-------+---------
           D:1 |       0 |      43 |   0.0 |       0 |      18 |   0.0 |  1415
           D:2 |       0 |      38 |   0.0 |       0 |      10 |   0.0 |   154
               +---------+---------+-------+---------+---------+-------+---------
